 Dungeon Sprint DCSS version 0.18.1-8-gdd0e5ea (webtiles) character file.

58 Groucho the Insei (level 4, -4/25 HPs)
             Began as a Vine Stalker Monk on May 24, 2016.
             Killed from afar by an oklob sapling priest (9 damage)
             ... with a splash of acid
             ... in the Dungeon (Sprint IV: "Fedhas' Mad Dash").
             The game lasted 00:01:24 (601 turns).

Groucho the Insei (Vine Stalker Monk)                Turns: 601, Time: 00:01:25

Health: -4/25      AC:  4    Str: 14    XL:     4   Next: 2%
Magic:  0/8        EV: 14    Int: 10    God:
Gold:   38         SH:  0    Dex: 17    Spells: 0 memorised, 8 levels left

rFire  . . .     SeeInvis .       - Unarmed
rCold  . . .     Gourm    .     a - +0 robe
rNeg   . . .     Faith    .     (no shield)
rPois  .         Spirit   +     (no helmet)
rElec  .         Dismiss  .     i - +1 cloak {+Inv}
rCorr  .         Reflect  .     (no gloves)
SustAt .         Harm     .     (no boots)
MR     .....     NoTele   +     (no amulet)
Stlth  +++.......               (no ring)
                                (no ring)

@: very slightly contaminated, invisible (expiring), not resistant to hostile
enchantments, fairly stealthy
A: fangs 2, regeneration 1, magic shield, antimagic bite, no device heal 3, rot
immunity
a: Turn Visible


You were in the Dungeon.
You were not hungry.

You visited 1 branch You collected 38 gold pieces.

Inventory:

Armour
 a - a +0 robe (worn)
 i - a +1 cloak of invisibility (worn)
Scrolls
 h - a scroll of blinking
 j - a scroll of identify {unknown}
Potions
 c - a potion of curing
 d - a potion of heal wounds
 e - a potion of haste
 f - 2 potions of magic
 g - a potion of berserk rage
Comestibles
 b - a bread ration


   Skills:
 - Level 3.9 Fighting
 - Level 4.3 Dodging
 - Level 4.5 Stealth
 - Level 5.0 Unarmed Combat
 - Level 2.6 Spellcasting
 * Level 0.0 Evocations


You had 8 spell levels left.
You didn't know any spells.

Dungeon Overview and Level Annotations

Branches:
Dungeon (1/1)

Altars:
Cheibriados
Dithmenos
Elyvilon
Gozag
Kikubaaqudgha
Makhleb
Nemelex Xobeh
Okawaru
Pakellas
Ru
Sif Muna
Trog
Vehumet
Xom
Yredelemnul
Zin
The Shining One
Beogh
Jiyva
Lugonu

Annotations:
D exclusion: oklob sapling


Innate Abilities, Weirdness & Mutations

You have extremely sharp teeth.
Your natural rate of healing is unusually fast.
When hurt, damage is shared between your health and your magic reserves.
Your bite disrupts and absorbs the magic of your enemies.
Potions and wands cannot restore your health.
You are immune to rotting.


Message History

The oklob sapling priest is heavily damaged.
The oklob sapling priest mumbles some strange prayers to its god against you.
Something smites you!
* * * LOW HITPOINT WARNING * * *
Unknown command.
You strike the helpless oklob sapling priest from behind!
You hit the oklob sapling priest.
You bite the oklob sapling priest, but do no damage.
The oklob sapling priest is heavily damaged.
The oklob sapling priest casts a cantrip, but nothing happens.
You hit the oklob sapling priest.
The oklob sapling priest is severely damaged.
Unknown command.
You catch the helpless oklob sapling priest completely off-guard!
You hit the oklob sapling priest.
You bite the oklob sapling priest, but do no damage.
The oklob sapling priest is severely damaged.
The oklob sapling priest spits acid at you.
The splash of acid hits you!
You die...

########################
.....#.....#.⌠...._....⌠
.....'.#[..'._._@_._._._
.....#.#...#_._._P_._._.
#########+##._._._._._._
#.⌠...._....⌠
#############


You could see an oklob sapling priest.

Vanquished Creatures
  An oklob sapling (D)
  A worker ant (D)
  A river rat (D)
  A rat (D)
4 creatures vanquished.

Notes
Turn   | Place    | Note
--------------------------------------------------------------
     0 | D        | Groucho the Vine Stalker Monk began the quest for the Orb.
     0 | D        | Reached XP level 1. HP: 11/11 MP: 2/2
    13 | D        | Reached skill level 1 in Spellcasting
    13 | D        | Reached XP level 2. HP: 16/16 MP: 2/4
   238 | D        | Noticed an oklob sapling
   243 | D        | Killed an oklob sapling
   243 | D        | Reached XP level 3. HP: 20/20 MP: 4/7
   256 | D        | Reached skill level 5 in Unarmed Combat
   256 | D        | Reached XP level 4. HP: 7/25 MP: 2/8
   588 | D        | Found a snail-covered altar of Cheibriados.
   588 | D        | Found a glowing silver altar of Zin.
   588 | D        | Found a white marble altar of Elyvilon.
   588 | D        | Found a viscous altar of Jiyva.
   588 | D        | Found a radiant altar of Vehumet.
   588 | D        | Found a deep blue altar of Sif Muna.
   588 | D        | Found an ancient bone altar of Kikubaaqudgha.
   588 | D        | Found a bloodstained altar of Trog.
   588 | D        | Found a corrupted altar of Lugonu.
   588 | D        | Noticed an oklob sapling priest
   589 | D        | Found a burning altar of Makhleb.
   589 | D        | Found an oddly glowing altar of Pakellas.
   589 | D        | Found a sacrificial altar of Ru.
   590 | D        | Found a glowing golden altar of the Shining One.
   590 | D        | Found a sparkling altar of Nemelex Xobeh.
   591 | D        | Found a shadowy altar of Dithmenos.
   592 | D        | Found an iron altar of Okawaru.
   592 | D        | Found a shimmering altar of Xom.
   593 | D        | Found an opulent altar of Gozag.
   594 | D        | Found a basalt altar of Yredelemnul.
   594 | D        | Found a roughly hewn altar of Beogh.
   601 | D        | Killed from afar by an oklob sapling priest

Skill      XL: |  1  2  3 |
---------------+----------+-----
Fighting       | 3 |  3.9
Dodging        | 3 4 |  4.3
Stealth        | 3 4 |  4.5
Spellcasting   | 1 2 |  2.6
Unarmed Combat | 5 |  5.0

Action                   |  1- 3 |  4- 6 || total
-------------------------+-------+-------++-------
Melee: Unarmed           |    21 |     7 ||    28
       Bite              |    10 |     4 ||    14
       Punch             |     1 |     1 ||     2
 Abil: Evoke Invisibilit |       |     1 ||     1
  Use: Potion            |     1 |       ||     1
 Stab: Sleeping          |     1 |     1 ||     2
       Invisible         |       |     3 ||     3
Dodge: Dodged            |     6 |       ||     6
